 Dungeon Crawl Stone Soup version 0.27.1-33-g824d729ab1 (webtiles) character file.

Game seed: 2058446030820558002

127061 13raion the Severer (level 16, -1/151 HPs)
             Began as a Minotaur Berserker on Dec 2, 2021.
             Was a High Priest of Trog.
             Slain by a merfolk impaler (5 damage)
             ... on level 2 of the Shoals.
             The game lasted 01:40:29 (23272 turns).

13raion the Severer (Minotaur Berserker)           Turns: 23272, Time: 01:40:30

Health: -1/151     AC: 23    Str: 37    XL:     16   Next: 45%
Magic:  1/15       EV:  6    Int:  4    God:    Trog [*****.]
Gold:   2444       SH:  0    Dex: 10    Spells: 15/15 levels left

rFire    . . .     SeeInvis .   r - +6 broad axe (flame)
rCold    + . .     Faith    .   u - +1 tower shield
rNeg     . . .     Spirit   .   a - +1 plate armour
rPois    .         Reflect  .   (helmet restricted)
rElec    .         Harm     .   q - +0 cloak {Stlth+}
rCorr    .         Rampage  .   b - +2 pair of gloves
Will     +....                  J - +0 pair of boots
Stlth    ..........             U - amulet of regeneration
HPRegen  2.35/turn              Q - +6 ring of strength
MPRegen  0.14/turn              W - ring of Fumeoh {rC+ Str+2 Slay+3}

@: weak-willed, strong-willed, mesmerised, held, regenerating, very slow
A: horns 2, retaliatory headbutt
a: Renounce Religion, Berserk, Trog's Hand, Brothers in Arms


You were on level 2 of the Shoals.
You worshipped Trog.
Trog was extremely pleased with you.
You visited 4 branches of the dungeon, and saw 25 of its levels.

You collected 2691 gold pieces.
You spent 247 gold pieces at shops.

Inventory:

Hand Weapons
 r - a +6 broad axe of flaming (weapon)
Missiles
 v - 3 throwing nets (quivered)
Armour
 a - a +1 plate armour (worn)
 b - a +2 pair of gloves (worn)
 q - a +0 cloak of stealth (worn)
 u - a +1 tower shield (worn)
 J - a +0 pair of boots (worn)
Jewellery
 e - a ring of protection from cold
 k - an amulet of magic regeneration
 l - a ring of poison resistance
 x - a +4 ring of slaying
 A - a ring of see invisible
 D - the ring "Qupujy" {rPois AC+4 Int+3 Stlth-}
   (You took it off a deep elf zephyrmancer on level 12 of the Dungeon)

   [ring of protection]

   AC:        It affects your AC (+4).
   Int:       It affects your intelligence (+3).
   rPois:     It protects you from poison.
   Stlth:     It makes you less stealthy.
 E - a ring of flight
 F - a ring of protection from fire
 G - a ring of protection from fire
 L - a ring of resist corrosion
 M - the ring of Dithmenos's Approval {Ice Fly rElec rPois Int-5}
   (You found it on level 12 of the Dungeon)

   [ring of ice]

   It enhances your ice magic.
   Int:       It affects your intelligence (-5).
   rF:        It makes you vulnerable to fire.
   rC:        It protects you from cold.
   rElec:     It insulates you from electricity.
   rPois:     It protects you from poison.
   Fly:       It grants you flight.
 O - a +4 ring of evasion
 P - the ring "Ykkups" {Fire rCorr}
   (You found it on level 12 of the Dungeon)

   [ring of fire]

   It enhances your fire magic.
   rF:        It protects you from fire.
   rC:        It makes you vulnerable to cold.
   rCorr:     It protects you from acid and corrosion.
 Q - a +6 ring of strength (left hand)
 R - a ring of protection from cold
 S - a ring of positive energy
 U - an amulet of regeneration (around neck)
 V - an amulet of faith
 W - the ring of Fumeoh (right hand) {rC+ Str+2 Slay+3}
   (You found it on level 12 of the Dungeon)

   [ring of protection from cold]

   Str:       It affects your strength (+2).
   Slay:      It affects your accuracy & damage with ranged weapons and melee
   (+3).
   rC:        It protects you from cold.
Wands
 i - a wand of digging (14)
 j - a wand of paralysis (28)
 t - a wand of iceblast (20)
 y - a wand of polymorph (18)
 C - a wand of flame (44)
 Z - a wand of acid (5)
Scrolls
 f - 2 scrolls of magic mapping
 h - 6 scrolls of identify
 s - 7 scrolls of teleportation
 Y - a scroll of blinking
Potions
 c - 5 potions of brilliance
 d - 6 potions of flight
 g - 2 potions of attraction
 m - 2 potions of cancellation
 o - 9 potions of lignification
 p - 3 potions of berserk rage
 w - 2 potions of resistance
 z - 22 potions of curing
 B - a potion of magic
 H - 4 potions of might
 I - 5 potions of degeneration
 K - 3 potions of mutation
 N - 11 potions of ambrosia
 X - 2 potions of invisibility


   Skills:
 * Level 15.9 Fighting
 * Level 18.5 Axes
 * Level 13.5 Armour
 * Level 11.4 Dodging
 * Level 17.2 Shields


You had 15 spell levels left.
You didn't know any spells.
Your spell library was empty.

Dungeon Overview and Level Annotations

Branches:
Dungeon (15/15)            Temple (0/1) D:5            Lair (6/6) D:10
 Shoals (2/4) Lair:2       Spider (0/4) Lair:2        Slime (0/5) Lair:6
    Orc (2/2) D:10            Elf (0/3) Orc:2        Vaults (0/5) D:13
 Depths (0/5) D:15

Altars:
Cheibriados
Hepliaklqana
Uskayaw

Shops:
D:2 ?   D:6 ==   Orc:2 !**?(   Shoals:1 [


Innate Abilities, Weirdness & Mutations

You have a pair of horns on your head.
You reflexively headbutt those who attack you in melee.


Message History

The harpy closely misses you. x2; The sea snake completely misses you.
The merfolk barely misses you.
The merfolk hits you from afar with a +0 trident!!
* * * LOW HITPOINT WARNING * * *
The snapping turtle bites you.
* * * LOW HITPOINT WARNING * * *
The merfolk siren chants its luring song.
The merfolk impaler closely misses you.
The merfolk siren chants its luring song.
You feel much better. You block the harpy's attack. x2
The harpy claws you but does no damage. The harpy barely misses you.
You block the harpy's attack. The harpy misses you. The sea snake misses you.
The merfolk hits you but does no damage.
The merfolk throws a throwing net.
The throwing net hits you.
You become entangled in the net!
You hear a splash.
The merfolk impaler hits you with a +1 antimagic trident.
You feel your power leaking away.
The merfolk hits you but does no damage.
The snapping turtle bites you!
* * * LOW HITPOINT WARNING * * *
The merfolk hits you from afar with a +0 trident!
* * * LOW HITPOINT WARNING * * *
The merfolk siren chants its luring song.
The merfolk impaler hits you with a +1 antimagic trident!
* * * LOW HITPOINT WARNING * * *
You feel your power leaking away.
Unknown command.
You feel much better. The harpy claws you.
* * * LOW HITPOINT WARNING * * *
The harpy claws you but does no damage. The sea snake bites you!
* * * LOW HITPOINT WARNING * * *
The harpy barely misses you. The harpy claws you but does no damage.
The merfolk siren chants its luring song.
The merfolk closely misses you. x2; The harpy barely misses you.
The harpy claws you!
* * * LOW HITPOINT WARNING * * *
The merfolk barely misses you.
The merfolk impaler hits you with a +1 antimagic trident.
You die...

≈≈≈..####
≈≈≈≈.....
≈≈≈≈≈≈..#
≈≈≈≈≈≈..#
≈≈≈≈≈≈≈.#
≈≈≈≈≈≈..# .
≈≈≈≈≈≈≈.##### ...
≈≈≈≈≈≈≈)<†mS#..≈≈.
≈≈≈≈≈≈≈≈mH@)mm≈≈≈m
≈≈≈≈≈≈≈≈HtHcm..≈≈≈
≈≈≈≈≈≈≈≈≈≈≈≈m..≈≈.
≈≈≈≈≈≈≈≈≈≈≈cm≈≈≈≈.
≈≈≈≈≈≈≈≈≈≈≈≈≈≈≈≈≈.
≈≈≈≈≈≈≈≈≈≈≈≈≈≈≈...
≈≈≈≈≈≈≈≈≈≈≈≈≈≈...
≈≈≈≈≈≈≈≈≈≈≈≈≈≈≈≈


You could see a merfolk impaler, a sea snake, a snapping turtle, 5 merfolk, 2
fauns, 2 merfolk sirens and 3 harpies.

Vanquished Creatures
  Kirke (D:14)
  The ghost of Sigibet the Geomancer, a journeyman GrEE of Vehumet (Lair:6)
  A minotaur (Shoals:1)
  A merfolk javelineer (Shoals:1)
  Josephine (Lair:6)
  2 fire dragons (D:15)
  8 hydras
  5 vault guards (D:13)
  7 ogre magi
  Erica (D:9)
  A catoblepas (D:12)
  A merfolk aquamancer (Shoals:2)
  5 boulder beetles
  2 death yaks (Lair:6)
  A satyr (Shoals:1)
  4 centaur warriors
  24 two-headed ogres
  2 tengu warriors
  Urug (D:10)
  A skeletal warrior (D:14)
  2 deep trolls (Orc:2)
  2 sea snakes (Shoals:1)
  A wizard (D:13)
  A swamp dragon (Lair:6)
  6 deep elf pyromancers
  Pikel (D:7)
  4 harpies (Shoals:2)
  A deep elf zephyrmancer (D:12)
  A wolf spider (Lair:6)
  4 fauns
  17 ugly things
  An orc knight (Orc:1)
  9 cyclopes
  9 elephants
  6 manticores
  3 black mambas
  2 merfolk sirens
  A water nymph (Shoals:1)
  2 torpor snails (Lair:6)
  4 gargoyles
  12 cane toads
  7 rime drakes
  An unseen horror (D:12)
  3 kobold demonologists
  2 efreet (D:12)
  7 komodo dragons
  A yaktaur (D:13)
  2 freezing wraiths
  3 tengu conjurers
  A queen bee (Lair:3)
  4 meliai (Shoals:1)
  2 merfolk (Shoals:1)
  12 trolls
  3 polar bears
  2 hornets (shapeshifter)
  12 slime creatures
  25 blink frogs
  6 snapping turtles (Shoals:1)
  4 shadows
  A centaur simulacrum (D:12)
  A redback (Lair:2)
  2 vampires (D:12)
  6 wraiths
  52 yaks
  4 water elementals
  A human (D:13)
  6 basilisks
  A redback simulacrum (D:15)
  5 hogs (D:14)
  4 steam dragons
  6 vampire mosquitoes
  5 wargs
  4 acid dragons
  A two-headed ogre zombie (D:10)
  13 water moccasins
  Duvessa (D:6)
  2 swamp drakes (Lair:6)
  12 orc warriors
  2 sky beasts
  An ice beast (D:8)
  3 black bears
  3 necrophages
  9 wolves
  32 ogres
  6 centaurs
  A phantom (D:10)
  3 kobold brigands
  2 bullfrogs
  A wyvern zombie (D:4)
  A scorpion (D:6)
  Dowan (D:6)
  4 water moccasin skeletons
  A troll zombie (D:10)
  24 killer bees
  10 wights
  7 electric eels
  3 howler monkeys (D:11)
  2 bullfrog zombies (D:6)
  A jelly (Lair:6)
  3 centaur zombies
  3 gnoll shamans
  9 orc priests
  3 bullfrog skeletons (D:6)
  3 hounds
  Crazy Yiuf (D:2)
  2 centaur skeletons
  Ijyb (D:3)
  5 hell rats (Lair:6)
  5 iguanas
  20 orc wizards
  6 ogre zombies (D:10)
  4 howler monkey zombies
  26 gnolls
  A howler monkey skeleton (D:7)
  6 adders
  A shadow imp (D:7)
  An ufetubus (D:7)
  An adder skeleton (D:4)
  2 worms
  A dart slug (D:9)
  The ghost of Descartes the Sneak, a weakling FeDe (D:4)
  54 orcs
  8 ball pythons
  10 endoplasms
  6 giant cockroaches
  8 goblins
  11 hobgoblins
  3 jackals (D:1)
  4 quokkas
  5 bats
  4 frilled lizards
  4 goblin skeletons (D:10)
  3 goblin zombies (D:10)
  4 hobgoblin zombies (D:10)
  21 kobolds
  2 orc skeletons (D:10)
  12 orc zombies (D:10)
  7 rats
771 creatures vanquished.

Vanquished Creatures (collateral kills)
  A fire dragon (Lair:6)
  A harpy (Shoals:2)
  A hog (D:14)
3 creatures vanquished.

Vanquished Creatures (others)
  An electric eel (D:12)
  2 orc wizards (D:12)
  2 gnolls (D:5)
  2 orcs (D:12)
  35 fungi
  65 plants
107 creatures vanquished.

Grand Total: 881 creatures vanquished

Notes
Turn   | Place    | Note
-------+----------+-------------------------------------------
     0 | D:1      | 13raion the Minotaur Berserker began the quest for the Orb.
     0 | D:1      | Reached XP level 1. HP: 19/19 MP: 0/0
    86 | D:1      | Reached skill level 4 in Axes
   107 | D:1      | Reached XP level 2. HP: 27/27 MP: 1/1
   362 | D:1      | Found a faded altar of an unknown god.
   509 | D:1      | Reached ** piety under Trog
   589 | D:1      | Reached XP level 3. HP: 33/34 MP: 2/2
   946 | D:2      | Reached skill level 5 in Axes
   950 | D:2      | Reached XP level 4. HP: 41/41 MP: 3/3
  1155 | D:2      | Found Gytaiqykh's Magic Scroll Emporium.
  1183 | D:2      | Reached skill level 5 in Fighting
  1185 | D:2      | Reached skill level 6 in Axes
  1185 | D:2      | Reached XP level 5. HP: 25/48 MP: 4/4
  1467 | D:2      | Found a runed translucent door.
  1468 | D:2      | Noticed Crazy Yiuf
  1557 | D:2      | Killed Crazy Yiuf
  1942 | D:3      | Noticed Ijyb
  1955 | D:3      | Killed Ijyb
  2020 | D:3      | Reached *** piety under Trog
  2958 | D:4      | Reached skill level 7 in Axes
  2960 | D:4      | Reached XP level 6. HP: 36/56 MP: 5/5
  3220 | D:4      | Reached skill level 8 in Axes
  3224 | D:4      | Found a runed translucent gate.
  3225 | D:4      | Found a runed translucent gate.
  3226 | D:4      | Found a runed translucent gate.
  3232 | D:4      | Noticed Descartes's ghost (weakling FeDe)
  3262 | D:4      | Reached XP level 7. HP: 63/63 MP: 6/6
  3723 | D:4      | Reached skill level 9 in Axes
  3726 | D:4      | Killed Descartes's ghost
  3781 | D:5      | Entered Level 5 of the Dungeon
  3783 | D:5      | Found a staircase to the Ecumenical Temple.
  3785 | D:5      | Reached **** piety under Trog
  3789 | D:5      | Noticed a two-headed ogre
  3800 | D:5      | Killed a two-headed ogre
  3801 | D:5      | Reached skill level 11 in Axes
  3801 | D:5      | Reached XP level 8. HP: 74/74 MP: 7/7
  4028 | D:5      | Noticed a troll
  4036 | D:5      | Killed a troll
  4037 | D:5      | Reached skill level 12 in Axes
  4093 | D:5      | Reached XP level 9. HP: 81/81 MP: 8/8
  4098 | D:5      | Reached skill level 1 in Shields
  4890 | D:6      | Found Mogrupia's Jewellery Shop.
  4935 | D:6      | Noticed Dowan
  4936 | D:6      | Noticed Duvessa
  4942 | D:6      | Killed Duvessa
  4945 | D:6      | Killed Dowan
  5179 | D:6      | Reached skill level 5 in Armour
  5430 | D:6      | Found Mauppoh's Jewellery Emporium.
  5567 | D:6      | Reached skill level 5 in Shields
  5633 | D:6      | Reached ***** piety under Trog
  5690 | D:6      | Reached XP level 10. HP: 88/91 MP: 9/9
  6046 | D:7      | Noticed Pikel
  6051 | D:7      | Killed Pikel
  6193 | D:7      | Noticed a deep elf pyromancer
  6200 | D:7      | Killed a deep elf pyromancer
  6751 | D:8      | Noticed a cyclops
  6761 | D:8      | Killed a cyclops
  6762 | D:8      | Reached skill level 13 in Axes
  7078 | D:8      | Reached skill level 10 in Fighting
  7078 | D:8      | Reached skill level 5 in Dodging
  7203 | D:8      | Received a gift from Trog
  7640 | D:9      | Reached XP level 11. HP: 98/100 MP: 10/10
  7851 | D:9      | Noticed Erica
  7860 | D:9      | Killed Erica
  7920 | D:9      | Found a snail-covered altar of Cheibriados.
  8125 | D:10     | Entered Level 10 of the Dungeon
  8138 | D:10     | Noticed Urug
  8145 | D:10     | Killed Urug
  8219 | D:10     | Reached skill level 14 in Axes
  8243 | D:10     | Received a gift from Trog
  8555 | D:10     | Found a staircase to the Orcish Mines.
  8584 | D:10     | Found a staircase to the Lair.
  9432 | Lair:1   | Entered Level 1 of the Lair of Beasts
  9568 | Lair:1   | Reached skill level 10 in Shields
  9722 | Lair:1   | Reached XP level 12. HP: 110/110 MP: 11/11
 10632 | Lair:2   | You fall into a shaft and drop 1 floor!
 10640 | Lair:3   | Noticed a six-headed hydra
 10643 | Lair:3   | Killed a four-headed hydra
 11300 | Lair:3   | Reached skill level 15 in Axes
 11503 | Lair:2   | Received a gift from Trog
 11867 | Lair:2   | Noticed a four-headed hydra
 11872 | Lair:2   | Killed a one-headed hydra
 11938 | Lair:2   | Found a staircase to the Shoals.
 12071 | Lair:2   | Found a hole to the Spider Nest.
 12528 | Lair:4   | Found a frozen archway.
 12798 | Lair:4   | Reached skill level 10 in Armour
 12798 | Lair:4   | Reached XP level 13. HP: 87/119 MP: 12/12
 13954 | Lair:6   | Entered Level 6 of the Lair of Beasts
 13984 | Lair:6   | Received a gift from Trog
 13987 | Lair:6   | Noticed Josephine
 13997 | Lair:6   | Killed Josephine
 14509 | Lair:6   | Found a staircase to the Slime Pits.
 14757 | Lair:6   | Received a gift from Trog
 14800 | Lair:6   | Found a runed translucent gate.
 14814 | Lair:6   | Found a runed translucent gate.
 14815 | Lair:6   | Found a runed translucent gate.
 15390 | Lair:6   | Noticed a fire dragon
 15430 | Lair:6   | Killed a fire dragon
 15789 | Lair:6   | Reached XP level 14. HP: 102/129 MP: 13/13
 15954 | Lair:6   | Noticed Sigibet's ghost (journeyman GrEE)
 15973 | Lair:6   | Killed Sigibet's ghost
 16282 | Orc:1    | Entered Level 1 of the Orcish Mines
 16478 | Orc:2    | Entered Level 2 of the Orcish Mines
 16621 | Orc:2    | Found Inubyess's Antique Weapon Shoppe.
 16720 | Orc:2    | Reached skill level 16 in Axes
 17076 | Orc:2    | Found a staircase to the Elven Halls.
 17208 | Orc:2    | Found Pof Wuf's General Store.
 17211 | Orc:2    | Found Geblese's Magic Scroll Boutique.
 17235 | Orc:2    | Received a gift from Trog
 17409 | Orc:2    | Found Ciojyn's Distillery.
 17417 | Orc:2    | Found Xitaodi's Assorted Antiques.
 17431 | Orc:2    | Bought a potion of curing for 39 gold pieces
 17431 | Orc:2    | Bought a potion of heal wounds for 65 gold pieces
 17431 | Orc:2    | Bought a potion of curing for 39 gold pieces
 17431 | Orc:2    | Bought a potion of heal wounds for 65 gold pieces
 17431 | Orc:2    | Bought a potion of curing for 39 gold pieces
 17902 | D:11     | You fall into a shaft and drop 2 floors!
 17956 | D:13     | Reached skill level 10 in Dodging
 17962 | D:13     | Reached skill level 15 in Shields
 17985 | D:13     | Found a gate to the Vaults.
 18496 | D:13     | Reached ****** piety under Trog
 18972 | D:12     | Reached XP level 15. HP: 139/139 MP: 14/14
 19082 | D:12     | Received a gift from Trog
 19083 | D:12     | Reached skill level 17 in Axes
 19323 | D:12     | Identified the ring of Dithmenos's Approval {Ice Fly rElec
                  | rPois Int-5}
 19352 | D:12     | Identified the ring "Qupujy" {rPois AC+4 Int+3 Stlth-}
 19367 | D:12     | Lost intelligence.
 19382 | D:12     | Identified the ring "Ykkups" {Fire rCorr}
 19385 | D:12     | Identified the ring of Fumeoh {rC+ Str+2 Slay+3}
 20585 | D:14     | Reached skill level 15 in Fighting
 20852 | D:14     | Received a gift from Trog
 21072 | D:14     | Noticed Kirke
 21081 | D:14     | Killed Kirke
 21139 | D:15     | Entered Level 15 of the Dungeon
 21334 | D:15     | Reached skill level 18 in Axes
 21544 | D:15     | Found a hazy altar of Hepliaklqana.
 21574 | D:15     | Reached XP level 16. HP: 130/149 MP: 15/15
 21859 | D:15     | Found a staircase to the Depths.
 22402 | Shoals:1 | Entered Level 1 of the Shoals
 22410 | Shoals:1 | Found Fuaveyf's Antique Armour Boutique.
 22557 | Shoals:1 | Found a hide-covered altar of Uskayaw.
 23029 | Shoals:1 | Received a gift from Trog
 23272 | Shoals:2 | HP: 4/151 [harpy (10)]
 23272 | Shoals:2 | Slain by a merfolk impaler

Illustrated notes

Levels and vault maps discovered:
D:1:      lightli_iron_boxes, layout_loops_cross,
          shapermc_ecumenical_altar_mp_ritualfount, minmay_unequal
D:2:      layout_rooms, serial_shops, nicolae_shop_window_shopping,
          uniq_crazy_yiuf_cottage
D:3:      layout_basic, minmay_misc_feat_five, uniq_ijyb
D:4:      layout_cave_pools, gammafunk_ghost_split
D:5:      layout_loops_cross, minmay_temple_entry_junction
D:6:      layout_loops_ring, serial_shops,
          nicolae_shop_temple_entry_statues_fountains, serial_undead,
          serial_undead_f, serial_undead_e, serial_undead_e, serial_undead_c,
          serial_undead_a, serial_undead_d, corexii_checkpoint_a,
          minmay_shop_enchanted_jewellery, kennysheep_decorative_pillar,
          uniq_duvessa
D:7:      layout_loops_ring, uniq_pikel
D:8:      layout_rooms
D:9:      layout_roguey [special_room_orc], kennysheep_slug_shrine, uniq_erica
D:10:     layout_gridville, erik_lair_orcish_takeover, zombieorc2_lemuel,
          uniq_urug
D:11:     layout_rooms, lightli_church_of_beogh
D:12:     minmay_the_grid_triangle_9x9_rhombus_full
          [minmay_the_grid_triangle_9x9_flanged_cone,
          minmay_the_grid_triangle_9x9_pentomino_pain,
          minmay_the_grid_triangle_9x9_thin_v,
          minmay_the_grid_triangle_9x9_intruding_spiral,
          minmay_the_grid_triangle_9x9_alien,
          minmay_the_grid_triangle_9x9_odd_lines,
          minmay_the_grid_triangle_9x9_corruption,
          minmay_the_grid_triangle_9x9_prize_special], layout_loops_corners,
          serial_bayou, serial_bayou_shore_b, serial_bayou_lake_a,
          serial_bayou_ford_a, serial_bayou_pond_a, amcnicky_mini_pool_small,
          lemuel_old_faithful
D:13:     layout_basic, grunt_vaults_entry_fortified
D:14:     layout_irregular_city, minmay_misc_feat_nine_boxes,
          kennysheep_kite_vault, uniq_kirke
D:15:     grunt_enter_depths_hoard, layout_basic,
          nicolae_hepliaklqana_hazy_memory, grunt_ministairs_2
Lair:1:   layout_loops_ring
Lair:2:   layout_gridlike, minmay_shoals_entry_lonely_mermaid,
          spider_nest_entry_rubble, grunt_megastairs_5
Lair:3:   layout_misc_corridors, special_room [special_room_bee],
          lemuel_fruit_tree
Lair:4:   layout_gridlike, portal_ice_cave_rime, infiniplex_staircase_pool_2,
          grunt_megastairs_4
Lair:5:   layout_misc_corridors, st_stairs_6
Lair:6:   guppyfry_lair_end_dragon, layout_regular_city,
          nicolae_slime_entry_slimehenge, ebering_ghost_rock_garden,
          st_stairs_6, minivault_19, serial_bayou_shore_b, uniq_josephine
Shoals:1: layout_shoals, serial_shops, nicolae_shop_overgrown_old_shop,
          regret_index_shoals_crete
Shoals:2: layout_shoals, serial_shops, shop, nzn_prometheus_bound, uniq_aizul
Orc:1:    layout_diamond_mine, basic_altar, nicolae_shop_firing_range
Orc:2:    st_orc_open, layout_diamond_mine, serial_shops, shop

Skill      XL: |  1  2  3  4  5  6  7  8  9 10 11 12 13 14 15 16 |
---------------+-------------------------------------------------+-----
Axes           | 4 5 6 7 8 11 12 13 14 15 16 18 | 18.5
Fighting       | 4 5 6 7 8 9 10 11 12 13 14 15 | 15.9
Shields        | 5 8 10 12 13 15 16 17 | 17.2
Armour         | 5 7 8 10 11 12 13 | 13.5
Dodging        | 3 5 6 8 9 10 11 | 11.4

Action                   |  1- 3 |  4- 6 |  7- 9 | 10-12 | 13-15 | 16-18 || total
-------------------------+-------+-------+-------+-------+-------+-------++-------
Melee: Hand axe          |    74 |   107 |   124 |       |       |       ||   305
       Headbutt          |    15 |    23 |    46 |   100 |   210 |    37 ||   431
       War axe           |       |       |    51 |   104 |       |       ||   155
       Broad axe         |       |       |       |   371 |   770 |   138 ||  1279
Throw: Throwing net      |       |       |       |       |     1 |       ||     1
Invok: Berserk           |     1 |     2 |     6 |     2 |    10 |     1 ||    22
       Trog's Hand       |       |       |     1 |     3 |     9 |     3 ||    16
       Brothers in Arms  |       |       |       |       |     2 |     1 ||     3
  Use: Scroll            |       |     7 |     9 |    12 |     4 |       ||    32
       Potion            |       |       |       |       |     4 |     4 ||     8
Armor: Animal skin       |     4 |       |       |       |       |       ||     4
       Chain mail        |    18 |    39 |    64 |   141 |   142 |       ||   404
       Ring mail         |     3 |       |       |       |       |       ||     3
       Plate armour      |       |       |       |       |    73 |    79 ||   152
Dodge: Dodged            |    44 |    44 |    26 |   106 |   173 |    66 ||   459
Block: Buckler           |     6 |     8 |       |       |       |       ||    14
       Tower shield      |       |    26 |   141 |   458 |   749 |   221 ||  1595
